 Dungeon Crawl Stone Soup version 0.21.1-1-g345015f (webtiles) character file.

8668 infcreate the Cleaver (level 11, -7/95 HPs)
             Began as a Minotaur Fighter on May 23, 2018.
             Was an Elder of Trog.
             Killed from afar by an electric eel (8 damage)
             ... with a bolt of electricity
             ... on level 9 of the Dungeon.
             The game lasted 00:37:10 (9933 turns).

infcreate the Cleaver (Minotaur Fighter)            Turns: 9933, Time: 00:37:11

Health: -7/95      AC: 23    Str: 25    XL:     11   Next: 12%
Magic:  10/10      EV:  6    Int:  5    God:    Trog [****..]
Gold:   309        SH: 12    Dex:  9    Spells: 10/10 levels left

rFire    + . .     SeeInvis .   a - +0 war axe
rCold    . . .     Gourm    .   c - +0 shield
rNeg     . . .     Faith    .   v - +0 plate armour
rPois    .         Spirit   .   q - +1 hat
rElec    .         Reflect  .   B - +0 cloak (curse)
rCorr    .         Harm     .   t - +0 pair of gloves
MR       .....                  D - +0 pair of boots
Stlth    ..........             (no amulet)
HPRegen  0.25/turn              b - +4 ring of protection
MPRegen  0.12/turn              j - ring of protection from fire

@: no status effects
A: retaliatory headbutt, horns 2
a: Berserk, Trog's Hand, Brothers in Arms, Burn Spellbooks, Renounce Religion


You were on level 9 of the Dungeon.
You worshipped Trog.
Trog was greatly pleased with you.
You were not hungry.

You visited 2 branches of the dungeon, and saw 10 of its levels.

You collected 309 gold pieces.

Inventory:

Hand Weapons
 a - a +0 war axe (weapon)
Armour
 c - a +0 shield (worn)
 q - a +1 hat (worn)
 t - a +0 pair of gloves (worn)
 v - a +0 plate armour (worn)
 B - a cursed +0 cloak (worn)
 D - a +0 pair of boots (worn)
Jewellery
 b - a +4 ring of protection (left hand)
 j - a ring of protection from fire (right hand)
 G - an uncursed ring of protection from magic {unknown}
Wands
 g - a wand of acid (5)
 A - a wand of flame (17)
 F - a wand of digging (12)
Scrolls
 i - 4 scrolls of teleportation
 k - a scroll of immolation
 m - 2 scrolls of fear
 o - 2 scrolls of enchant weapon
 p - a scroll of magic mapping
 u - a scroll of remove curse
 y - a scroll of blinking {unknown}
Potions
 d - 2 potions of might
 e - 4 potions of curing
 h - 2 potions of cancellation
 l - a potion of agility {unknown}
 n - a potion of lignification {unknown}
 r - 3 potions of mutation
 x - a potion of magic {unknown}
 z - 2 potions of haste
 C - a potion of heal wounds {unknown}
 E - a potion of flight {unknown}
Comestibles
 f - 11 rations


   Skills:
 + Level 8.9 Fighting
 + Level 13.6 Axes
 + Level 9.6 Armour
 + Level 10.2 Shields


You had 10 spell levels left.
You didn't know any spells.

Dungeon Overview and Level Annotations

Branches:
Dungeon (9/15)             Temple (1/1) D:5
   Lair: D:8-11         Orc: D:9-12

Altars:
Ashenzari
Fedhas
Gozag
Hepliaklqana
Kikubaaqudgha
Nemelex Xobeh
Qazlal
Ru
Trog
Uskayaw
Vehumet
Wu Jian
Xom
Yredelemnul
Zin
The Shining One

Shops:
D:4 [


Innate Abilities, Weirdness & Mutations

You reflexively headbutt those who attack you in melee.
You have a pair of horns on your head.


Message History

The bolt of electricity hits you!
The electric eel shoots out a bolt of lightning at you!
The bolt of electricity hits you!
The electric eel shoots out a bolt of lightning at you!
The bolt of electricity hits you!
The electric eel shoots out a bolt of lightning at you!
The bolt of electricity hits you!
The electric eel shoots out a bolt of lightning at you!
The bolt of electricity hits you!
* * * LOW HITPOINT WARNING * * *
The electric eel shoots out a bolt of lightning at you!
The bolt of electricity hits you!
* * * LOW HITPOINT WARNING * * *
A centaur skeleton comes into view.
The electric eel shoots out a bolt of lightning at you!
The bolt of electricity hits you!
* * * LOW HITPOINT WARNING * * *
The electric eel shoots out a bolt of lightning at you!
The bolt of electricity hits you!
You die...

#### ... . #.#+#+# ..
#.....# ####
.#.#.....###+###..#
....<.............#
####......#.Z.....#
..........#.......##
#####...).#.....@..##
...........#'#####..#
##########†#.# ##.##
#†#.# #..#########
#.#.######..........≈
#.#.....##..≈.;....≈≈
#.#####.##....;..≈≈≈≈
#....##.##...≈.≈.≈≈≈≈
#....##.##...≈≈≈≈.≈≈≈


You could see 2 electric eels and a centaur skeleton.

Vanquished Creatures
  3 two-headed ogres
  Joseph (D:7)
  A troll (D:9)
  Sigmund (D:4)
  4 hogs (D:7)
  A human (D:7)
  Menkaure (D:4)
  Edmund (D:4)
  4 water moccasins
  An orc warrior (D:8)
  2 ice beasts
  A sky beast (D:7)
  A phantom (D:4)
  4 ogres
  4 centaurs
  2 wolves (D:9)
  The ghost of kalagan the Caller, an amateur DESu (D:3)
  4 bullfrogs
  2 scorpions (D:7)
  26 killer bees
  5 wights (D:7)
  A howler monkey (D:6)
  5 electric eels (D:7)
  6 crimson imps
  A gnoll shaman (D:8)
  8 hounds
  2 jellies
  4 orc priests
  Crazy Yiuf (D:7)
  3 bullfrog skeletons
  A centaur skeleton (D:6)
  3 iguanas
  3 orc wizards
  7 worker ants
  A hound zombie (D:5)
  A hound skeleton (D:7)
  Robin (D:4)
  A worker ant zombie (D:7)
  6 gnolls
  14 adders
  2 shadow imps
  3 oozes
  3 adder zombies (D:6)
  4 worms
  4 dart slugs
  2 leopard geckos
  23 orcs
  3 giant cockroaches
  17 goblins
  7 hobgoblins
  18 jackals
  6 kobolds
  3 quokkas
  8 bats
  5 frilled lizards
  A leopard gecko skeleton (D:4)
  5 rats
  4 plants
257 creatures vanquished.

Vanquished Creatures (others)
  A human (D:5)
  A plant (D:7)
2 creatures vanquished.

Grand Total: 259 creatures vanquished

Notes
Turn   | Place    | Note
-------+----------+-------------------------------------------
     0 | D:1      | infcreate the Minotaur Fighter began the quest for the Orb.
     0 | D:1      | Reached XP level 1. HP: 19/19 MP: 0/0
   239 | D:1      | Reached XP level 2. HP: 24/27 MP: 1/1
   612 | D:1      | Reached XP level 3. HP: 33/33 MP: 2/2
   974 | D:2      | Reached skill level 3 in Axes
  1448 | D:2      | Reached XP level 4. HP: 40/40 MP: 3/3
  1585 | D:3      | Noticed kalagan's ghost (amateur DESu)
  1615 | D:3      | Killed kalagan's ghost
  1615 | D:3      | Reached skill level 4 in Axes
  1615 | D:3      | Reached XP level 5. HP: 9/47 MP: 4/4
  2536 | D:3      | Reached skill level 5 in Shields
  2724 | D:4      | Found Paisk's Armour Shoppe.
  2751 | D:4      | Reached skill level 5 in Axes
  2829 | D:4      | Noticed an ogre
  2846 | D:4      | Killed an ogre
  2846 | D:4      | Reached XP level 6. HP: 8/53 MP: 5/5
  3179 | D:4      | Noticed Menkaure
  3186 | D:4      | Killed Menkaure
  3186 | D:4      | Reached skill level 6 in Axes
  3410 | D:4      | Reached skill level 5 in Fighting
  3518 | D:4      | Noticed Edmund
  3532 | D:4      | Killed Edmund
  3532 | D:4      | Reached skill level 5 in Armour
  3532 | D:4      | Reached XP level 7. HP: 58/61 MP: 6/6
  3602 | D:4      | Noticed Sigmund
  3627 | D:4      | Killed Sigmund
  3627 | D:4      | Reached skill level 7 in Axes
  3842 | D:4      | Noticed Robin
  3859 | D:4      | Killed Robin
  3918 | D:5      | Entered Level 5 of the Dungeon
  3946 | D:5      | Reached skill level 8 in Axes
  3946 | D:5      | Reached XP level 8. HP: 66/69 MP: 7/7
  3991 | D:5      | Found a staircase to the Ecumenical Temple.
  4011 | Temple   | Entered the Ecumenical Temple
  4052 | Temple   | Became a worshipper of Trog the Wrathful
  4140 | D:5      | Found an ancient bone altar of Kikubaaqudgha.
  4287 | D:5      | Reached skill level 9 in Axes
  4819 | D:6      | Reached * piety under Trog
  5125 | D:6      | Reached skill level 10 in Axes
  5125 | D:6      | Reached XP level 9. HP: 78/78 MP: 8/8
  5554 | D:7      | Noticed Joseph
  5573 | D:7      | Killed Joseph
  5999 | D:7      | Reached ** piety under Trog
  5999 | D:7      | Reached skill level 11 in Axes
  7533 | D:7      | Found a runed door.
  7569 | D:7      | Noticed Crazy Yiuf
  7573 | D:7      | Killed Crazy Yiuf
  7640 | D:7      | Found a radiant altar of Vehumet.
  7824 | D:7      | Reached XP level 10. HP: 74/86 MP: 9/9
  7832 | D:7      | Reached skill level 12 in Axes
  8457 | D:8      | Reached *** piety under Trog
  8857 | D:8      | Noticed a two-headed ogre
  8866 | D:8      | Killed a two-headed ogre
  8904 | D:8      | Noticed a two-headed ogre
  8916 | D:8      | Killed a two-headed ogre
  8916 | D:8      | Reached skill level 13 in Axes
  9328 | D:9      | Noticed a two-headed ogre
  9346 | D:9      | Killed a two-headed ogre
  9346 | D:9      | Reached skill level 10 in Shields
  9346 | D:9      | Reached XP level 11. HP: 95/95 MP: 10/10
  9416 | D:9      | Reached **** piety under Trog
  9932 | D:9      | HP: 1/95 [electric eel/bolt of electricity (10)]
  9933 | D:9      | Killed from afar by an electric eel

Skill      XL: |  1  2  3  4  5  6  7  8  9 10 |
---------------+-------------------------------+-----
Shields        | 4 5 6 7 8 10 | 10.2
Fighting       | 4 5 6 7 8 |  8.9
Armour         | 4 5 6 7 9 |  9.6
Axes           | 3 4 5 6 8 10 11 13 | 13.6

Action                   |  1- 3 |  4- 6 |  7- 9 | 10-12 || total
-------------------------+-------+-------+-------+-------++-------
Melee: War axe           |   105 |   154 |   409 |   259 ||   927
       Headbutt          |    12 |    12 |    64 |    39 ||   127
Invok: Berserk           |       |       |       |     2 ||     2
  Use: Scroll            |     1 |     7 |     7 |     4 ||    19
       Potion            |       |       |       |     2 ||     2
  Eat: Chunk             |     2 |     6 |     5 |     5 ||    18
       Ration            |       |       |     3 |     1 ||     4
Armor: Scale mail        |    25 |       |       |       ||    25
       Chain mail        |    24 |   102 |       |       ||   126
       Plate armour      |       |    50 |   242 |   138 ||   430
Dodge: Dodged            |    22 |     9 |    60 |    59 ||   150
Block: Shield            |    47 |    96 |   179 |   157 ||   479
